 Dungeon Crawl Stone Soup version 0.23-a0-642-g3120c2f5a9 (webtiles) character file.

99292 Cecky the Imperceptible (level 16, -7/83 HPs)
             Began as a Vine Stalker Enchanter on Sept 28, 2018.
             Was the Champion of Dithmenos.
             Mangled by an ettin
             ... wielding a +0 dire flail
              (35 damage)
             ... on level 15 of the Dungeon on Dec 31, 2018.
             The game lasted 02:16:37 (32059 turns).

Cecky the Imperceptible (Vine Stalker Enchanter)   Turns: 32059, Time: 02:16:37

Health: -7/83      AC: 12    Str:  8    XL:     16   Next: 24%
Magic:  0/23       EV: 22    Int: 17    God:    Dithmenos [******]
Gold:   1369       SH:  4    Dex: 19    Spells: 3/23 levels left

rFire    . . .     SeeInvis +   a - +8 dagger (elec)
rCold    + . .     Gourm    .   (no shield)
rNeg     . . .     Faith    .   R - +2 troll leather armour
rPois    +         Spirit   +   E - +2 hat {SInv}
rElec    .         Reflect  +   S - +0 cloak
rCorr    .         Harm     .   B - +0 pair of gloves
MR       +++..                  W - +1 pair of boots
Stlth    ++++++++++             l - amulet of Accord {Reflect rPois MR+ Str-4 Slay+4 SH+4}
HPRegen  1.43/turn              J - ring of protection from cold
MPRegen  0.18/turn              y - +4 ring of evasion

@: wreathed by umbra
A: fangs 3, regeneration 2, magic shield, antimagic bite, no potion heal 3, rot
immunity
a: Shadow Step, Shadow Form, Renounce Religion


You were on level 15 of the Dungeon.
You worshipped Dithmenos.
Dithmenos was exalted by your worship.
You were hungry.

You visited 5 branches of the dungeon, and saw 25 of its levels.
You also visited: Ossuary.

You collected 2394 gold pieces.
You spent 1025 gold pieces at shops.

Inventory:

Hand Weapons
 a - a +8 dagger of electrocution (weapon)
 e - a +6 blowgun
 h - a +2 dagger of venom
Missiles
 q - 9 curare-tipped needles
 P - 2 throwing nets (quivered)
Armour
 n - a cursed +0 shield
 B - a +0 pair of gloves (worn)
 E - a +2 hat of see invisible (worn)
 R - a +2 troll leather armour (worn)
 S - a +0 cloak (worn)
 W - a +1 pair of boots (worn)
Jewellery
 b - an uncursed ring of see invisible
 l - the amulet of Accord (around neck) {Reflect rPois MR+ Str-4 Slay+4 SH+4}
   (You bought it in a shop on level 2 of the Orcish Mines)

   [amulet of reflection]

   It shields you and reflects attacks.
   It affects your strength (-4).
   It affects your accuracy and damage with ranged weapons and melee attacks
   (+4).
   It protects you from poison.
   It affects your resistance to hostile enchantments.
   It affects your SH (+4).
 y - a +4 ring of evasion (right hand)
 C - an uncursed ring of stealth
 J - a ring of protection from cold (left hand)
 M - an uncursed amulet of the gourmand {unknown}
Wands
 t - a wand of flame (98)
 z - a wand of random effects (20)
 A - a wand of acid (10)
 F - a wand of disintegration (5)
 H - a wand of clouds (8)
 K - a wand of enslavement (13)
 Q - a wand of digging (14)
 T - a wand of polymorph (40)
 Y - a wand of scattershot (6)
 Z - a wand of iceblast (33)
Scrolls
 g - 8 scrolls of teleportation
 j - a scroll of enchant armour
 k - 4 scrolls of immolation
 r - 3 scrolls of amnesia
 s - 4 scrolls of remove curse
 G - 5 scrolls of magic mapping
 L - 3 scrolls of fog
 N - 2 scrolls of identify
 O - 2 scrolls of fear
 U - a scroll of holy word
Potions
 f - 5 potions of flight
 i - 2 potions of ambrosia
 m - 5 potions of lignification
 o - a potion of resistance
 p - a potion of magic
 u - 2 potions of berserk rage
 v - 2 potions of invisibility
 w - 7 potions of curing
 x - 3 potions of mutation
 D - 3 potions of brilliance
 I - 5 potions of haste
 V - a potion of cancellation
Comestibles
 d - 38 rations


   Skills:
 + Level 8.8 Fighting
 - Level 10.2 Short Blades
   Level 3.5 Bows
 - Level 3.0 Armour
 + Level 9.0 Dodging
 - Level 21.1 Stealth
 - Level 4.2 Spellcasting
 * Level 6.6 Hexes
 * Level 3.4 Summonings
 - Level 5.0 Ice Magic
 - Level 5.7 Air Magic
 - Level 7.4 Poison Magic
 + Level 0.5 Invocations
 - Level 0.6 Evocations


You had 3 spell levels left.
You knew the following spells:

 Your Spells              Type           Power        Failure   Level  Hunger
a - Poisonous Vapours     Pois/Air       ####..       2%          2    ##.....
b - Ensorcelled Hibernat  Hex/Ice        ###...       3%          2    ##.....
c - Confuse               Hex            ####....     4%          3    ###....
d - Olgreb's Toxic Radia  Pois           ####....     11%         4    ####...
e - Summon Ice Beast      Ice/Summ       ###.....     36%         4    ####...
f - Summon Mana Viper     Hex/Summ       ###.....     61%         5    ######.

Your spell library contained the following spells:

 Spells                   Type           Power        Failure   Level  Hunger
 Confusing Touch          Hex            ####..       1%          1    None
 Corona                   Hex            ####...      1%          1    None
 Freeze                   Ice            ###.         2%          1    None
 Slow                     Hex            ####....     2%          2    ##.....
 Sting                    Conj/Pois      ###.         4%          1    None
 Tukima's Dance           Hex            ####....     4%          3    ###....
 Summon Butterflies       Summ           ###.....     5%          1    None
 Summon Small Mammal      Summ           ###.         5%          1    None
 Call Imp                 Summ           ###.....     9%          2    ##.....
 Mephitic Cloud           Conj/Pois/Air  ###.....     11%         3    ###....
 Throw Frost              Conj/Ice       ##....       12%         2    ##.....
 Call Canine Familiar     Summ           ###.....     16%         3    ###....
 Dazzling Spray           Conj/Hex       ##....       17%         3    ###....
 Animate Skeleton         Necr           N/A          22%         1    None
 Apportation              Tloc           #.....       22%         1    None
 Magic Dart               Conj           #...         22%         1    None
 Ozocubu's Armour         Chrm/Ice       ##......     24%         3    ###....
 Blink                    Tloc           N/A          32%         2    ##.....
 Searing Ray              Conj           #.....       32%         2    ##.....
 Conjure Flame            Conj/Fire      #.......     54%         3    ###....
 Fulminant Prism          Conj/Hex       ##........   50%         4    ####...
 Throw Icicle             Conj/Ice       ##......     61%         4    ####...
 Venom Bolt               Conj/Pois      ###.......   78%         5    ######.
 Force Lance              Conj/Tloc      #.......     91%         4    ####...
 Iskenderun's Mystic Bla  Conj           #.......     91%         4    ####...
 Bolt of Magma            Conj/Fire/Erth #.........   99%         5    ######.
 Iskenderun's Battlesphe  Conj/Chrm      #.......     99%         5    ######.
 Iron Shot                Conj/Erth      #.........   100%        6    #######
 Orb of Destruction       Conj           #.........   100%        7    #######
 Spellforged Servitor     Conj/Summ      #.........   100%        7    #######
 Summon Hydra             Summ           ###.......   100%        7    #######


Dungeon Overview and Level Annotations

Branches:
Dungeon (15/15)            Temple (1/1) D:5            Lair (6/6) D:11
  Swamp (1/4) Lair:3        Snake (0/4) Lair:3        Slime (0/5) Lair:5
    Orc (2/2) D:11         Vaults (0/5) D:14         Depths (0/5) D:15
    Elf: Orc:2

Altars:
Ashenzari
Cheibriados
Dithmenos
Elyvilon
Fedhas
Gozag
Kikubaaqudgha
Makhleb
Okawaru
Qazlal
Ru
Trog
Uskayaw
Vehumet
Wu Jian
Xom
Yredelemnul
Zin

Shops:
D:4 %   D:5 *   D:11 *   D:13 *   Orc:2 =!!(

Annotations:
D:6 3 runed doors, Jesh's ghost, novice SpEn
Lair:5 exclusion: 2 oklob plants
Orc:2 3 runed doors, NoiZ's ghost, journeyman MiFi; shruggingcutely's ghost, journeyman TrMo


Innate Abilities, Weirdness & Mutations

You have razor-sharp teeth.
You heal very quickly.
When hurt, damage is shared between your health and your magic reserves.
Your bite disrupts and absorbs the magic of your enemies.
Potions cannot restore your health.
You are immune to rotting.


Message History

You assume a fearsome visage.
The ettin looks frightened!
Casting: Ensorcelled Hibernation (safe; 3% risk of failure)
Confirm with . or Enter, or press ? or * to list all spells.
Aiming: Ensorcelled Hibernation (safe; 3% risk of failure)
Press: ? - help, Shift-Dir - straight line, f/p - ettin
Aim: an ettin, wielding two +0 dire flails (fleeing, umbra, chance to defeat Your attack snaps the ettin out of its fear.
The ettin easily resists.
All of the chunks of flesh in your inventory have rotted away.
Casting: Ensorcelled Hibernation (safe; 3% risk of failure)
Confirm with . or Enter, or press ? or * to list all spells.
Aiming: Ensorcelled Hibernation (safe; 3% risk of failure)
Press: ? - help, Shift-Dir - straight line, f/p - ettin
Aim: an ettin, wielding two +0 dire flails (umbra, chance to defeat MR: 35%)
The ettin easily resists.
Your shadow mimicks your spell!
The ettin easily resists.
The ettin misses you. The ettin barely misses you.
You block the ettin's attack.
The ettin hits you with a +0 dire flail!!!
You die...

#..§§§§.'..#####...#
# #..§§§§.#
#.......# #
#.§§§#######.......#
#
#.§§§§§§#..#...#...#
#
#..§§§.§'......#...#
+
#.§....§####...#####
# ###'#####..#####
#......C...#
#......@####
#.......'.∩#
#########..# ....
##... '# .


You could see an ettin.

Vanquished Creatures
  Gastronok (D:7)
  3 orc warlords (Orc:1)
  Erolcha (D:12)
  The ghost of whodunnit the Cleaver, a journeyman DsFi of Makhleb (D:14)
  Snorg (D:11)
  A fire dragon (Lair:6)
  6 hydras
  Harold (D:11)
  4 vault guards (D:14)
  12 two-headed ogres
  An alligator (Swamp:1)
  A centaur warrior (D:15)
  12 death yaks
  Urug (D:12)
  An orc high priest (Orc:1)
  Sonja (D:11)
  4 spriggans (Swamp:1)
  9 skeletal warriors (D:14)
  2 fire crabs (Lair:6)
  A deep troll (D:15)
  An unseen horror (D:12)
  A swamp dragon (Swamp:1)
  A spriggan druid (Swamp:1)
  3 orc knights
  7 ugly things
  A deep elf mage (D:14)
  2 cyclopes
  3 orc sorcerers
  An elephant (shapeshifter) (D:14)
  2 black mambas (Lair:6)
  6 elephants (Lair:3)
  Maurice (D:12)
  7 spiny frogs
  Joseph (D:7)
  Psyche (D:8)
  3 molten gargoyles (Lair:6)
  2 gargoyles
  3 rime drakes
  14 komodo dragons
  2 efreet (D:14)
  A queen bee (Lair:3)
  2 tengu conjurers (D:15)
  A polar bear (Lair:6)
  A wolf spider simulacrum (D:14)
  3 meliai (D:14)
  3 hornets
  4 trolls
  10 slime creatures
  A tyrant leech (Swamp:1)
  21 hippogriffs
  A meliai zombie (D:14)
  3 blink frogs (Lair:6)
  Sigmund (D:2)
  3 wyverns
  3 shadows
  45 yaks
  5 basilisks
  A basilisk (shapeshifter) (D:14)
  2 steam dragons (Lair:6)
  A hungry ghost (D:9)
  2 vampire mosquitoes (D:11)
  A swamp worm (Swamp:1)
  4 wargs (Orc:1)
  7 nagas
  5 acid dragons
  10 water moccasins
  5 hell hounds (Lair:6)
  28 orc warriors
  3 porcupines
  A black bear (D:10)
  4 ice beasts
  3 sky beasts
  7 necrophages
  3 phantoms
  16 ogres
  10 wolves
  10 centaurs
  9 crocodiles
  2 big kobolds
  23 bullfrogs
  2 wyvern zombies
  A gnoll sergeant (D:10)
  2 scorpions
  30 killer bees
  8 wights
  4 howler monkeys
  3 electric eels
  2 vampire bats (Lair:3)
  6 crimson imps
  2 lava snakes (Lair:6)
  A human zombie (Ossuary)
  17 jellies
  A bullfrog skeleton (D:10)
  5 hounds
  24 orc wizards
  11 orc priests
  A water moccasin simulacrum (D:8)
  3 centaur zombies
  Ijyb (D:5)
  4 centaur skeletons
  8 iguanas
  12 worker ants
  Natasha (thrice) (D:2 D:4)
  4 big kobold zombies (Ossuary)
  A hound skeleton (D:6)
  3 mummies (Ossuary)
  A howler monkey zombie (D:7)
  5 gnolls (D:10)
  11 adders
  5 shadow imps
  A white imp (D:7)
  2 ufetubi (D:8)
  2 oozes
  6 adder zombies (Ossuary)
  An adder skeleton (D:7)
  4 worms
  A dart slug (D:1)
  6 leopard geckos
  84 orcs
  2 ball pythons
  11 bats
  9 giant cockroaches
  4 goblins
  7 hobgoblins
  13 jackals
  A quokka (D:3)
  6 frilled lizards
  A giant cockroach zombie (D:5)
  3 gnoll zombies (Ossuary)
  2 goblin zombies (Ossuary)
  5 hobgoblin zombies (Ossuary)
  5 jackal zombies (Ossuary)
  17 kobolds
  3 kobold zombies (Ossuary)
  2 quokka skeletons
  6 quokka zombies
  10 rats
  4 rat zombies (Ossuary)
  A spectral orc (D:6)
791 creatures vanquished.

Vanquished Creatures (collateral kills)
  A bullfrog (D:12)
1 creature vanquished.

Vanquished Creatures (others)
  A yak (D:12)
  13 fungi
  12 plants
  A withered plant (Orc:2)
27 creatures vanquished.

Grand Total: 819 creatures vanquished

Notes
Turn   | Place    | Note
-------+----------+-------------------------------------------
     0 | D:1      | Cecky the Vine Stalker Enchanter began the quest for the
                  | Orb.
     0 | D:1      | Reached XP level 1. HP: 9/9 MP: 4/4
   345 | D:1      | Reached XP level 2. HP: 9/13 MP: 6/6
   447 | D:1      | Learned a level 2 spell: Ensorcelled Hibernation
   950 | D:1      | Reached skill level 4 in Stealth
  1364 | D:2      | Reached XP level 3. HP: 16/16 MP: 7/7
  1731 | D:2      | Reached skill level 1 in Short Blades
  1978 | D:2      | Found a snail-covered altar of Cheibriados.
  2040 | D:2      | Noticed Sigmund
  2064 | D:2      | Killed Sigmund
  2064 | D:2      | Reached skill level 1 in Fighting
  2064 | D:2      | Reached skill level 5 in Stealth
  2064 | D:2      | Gained mutation: Your natural rate of healing is unusually
                  | fast. [Vine Stalker growth]
  2064 | D:2      | Reached XP level 4. HP: 22/22 MP: 8/8
  2064 | D:2      | Reached XP level 5. HP: 25/25 MP: 9/9
  2112 | D:2      | Noticed Natasha
  2131 | D:2      | Killed Natasha
  2131 | D:2      | Reached XP level 6. HP: 30/30 MP: 2/10
  2205 | D:2      | Found a sacrificial altar of Ru.
  2279 | D:2      | Found a stormy altar of Qazlal.
  2281 | D:2      | Noticed a water elemental
  2283 | D:2      | Noticed an air elemental
  2283 | D:2      | Noticed a fire elemental
  2566 | D:2      | Found a stormy altar of Qazlal.
  2609 | D:2      | Found a snail-covered altar of Cheibriados.
  2716 | D:2      | Found a sacrificial altar of Ru.
  3010 | D:2      | Found a stormy altar of Qazlal.
  3053 | D:2      | Found a snail-covered altar of Cheibriados.
  3160 | D:2      | Found a sacrificial altar of Ru.
  3424 | D:3      | Reached skill level 6 in Stealth
  3510 | D:3      | Found an ancient bone altar of Kikubaaqudgha.
  4026 | D:3      | Found an ornate altar of the Wu Jian Council.
  4568 | D:4      | Found Qocuudum's Food Shoppe.
  4626 | D:4      | Noticed Natasha
  4638 | D:4      | Killed Natasha
  4638 | D:4      | Reached skill level 1 in Ice Magic
  4825 | D:4      | Reached XP level 7. HP: 34/34 MP: 8/11
  4989 | D:4      | Noticed Natasha
  5001 | D:4      | Killed Natasha
  5120 | D:4      | Reached skill level 7 in Stealth
  5404 | D:5      | Entered Level 5 of the Dungeon
  5592 | D:5      | Noticed Ijyb
  5630 | D:5      | Killed Ijyb
  5683 | D:5      | Found a radiant altar of Vehumet.
  5849 | D:5      | Gained mutation: You have razor-sharp teeth. [Vine Stalker
                  | growth]
  5849 | D:5      | Reached XP level 8. HP: 31/39 MP: 10/12
  5900 | D:5      | Found Sayp's General Store.
  5911 | D:5      | Bought a scroll of noise for 14 gold pieces
  5911 | D:5      | Bought a scroll of enchant weapon for 105 gold pieces
  5948 | D:5      | Found a white marble altar of Elyvilon.
  6121 | D:5      | Reached skill level 8 in Stealth
  6269 | D:5      | Found a staircase to the Ecumenical Temple.
  6278 | Temple   | Entered the Ecumenical Temple
  6342 | Temple   | Became a worshipper of Dithmenos the Shadowed
  6425 | D:6      | Reached skill level 5 in Hexes
  7242 | D:6      | Reached skill level 9 in Stealth
  7303 | D:6      | Found a runed gate.
  7303 | D:6      | Found a runed gate.
  7303 | D:6      | Found a runed gate.
  7303 | D:6      | Noticed Jesh's ghost (novice SpEn)
  7309 | D:6      | Learned a level 3 spell: Confuse
  7467 | D:6      | Reached XP level 9. HP: 31/42 MP: 9/13
  7610 | D:6      | Reached * piety under Dithmenos
  7623 | D:6      | Found an iron altar of Okawaru.
  7630 | D:6      | Got a brightly glowing spear
  7640 | D:6      | Identified the cursed +0 spear of Guebrec {flame, rElec
                  | rN+} (You found it on level 6 of the Dungeon)
  7705 | D:6      | Found a basalt altar of Yredelemnul.
  8294 | D:7      | Reached skill level 10 in Stealth
  8445 | D:7      | Noticed Joseph
  8485 | D:7      | Killed Joseph
  8485 | D:7      | Reached skill level 5 in Short Blades
  8485 | D:7      | Reached skill level 11 in Stealth
  8886 | D:7      | Reached ** piety under Dithmenos
  9005 | D:8      | Found a shimmering altar of Xom.
  9005 | D:8      | Found a shimmering altar of Xom.
  9005 | D:8      | Found a shimmering altar of Xom.
  9005 | D:8      | Found a shimmering altar of Xom.
  9005 | D:8      | Found a shimmering altar of Xom.
  9006 | D:8      | Found a shimmering altar of Xom.
  9039 | D:8      | Found a sand-covered staircase.
  9045 | Ossuary  | Entered an ossuary
  9356 | Ossuary  | Reached *** piety under Dithmenos
  9419 | Ossuary  | Reached XP level 10. HP: 47/47 MP: 14/14
  9453 | D:8      | Noticed Psyche
  9830 | D:8      | Noticed Gastronok
 10153 | D:8      | Reached skill level 12 in Stealth
 10812 | D:7      | Killed Gastronok
 11219 | D:8      | Noticed a death yak
 11637 | D:8      | Found a burning altar of Makhleb.
 11637 | D:8      | Noticed a balrug
 11774 | D:9      | Reached skill level 5 in Dodging
 11829 | D:8      | Killed Psyche
 11902 | D:9      | Reached XP level 11. HP: 46/53 MP: 5/15
 12042 | D:9      | Noticed a dagger
 12042 | D:9      | Noticed a hand axe
 12050 | D:9      | Found a hide-covered altar of Uskayaw.
 12189 | D:9      | Found an opulent altar of Gozag.
 12346 | D:9      | Found a glowing silver altar of Zin.
 12552 | D:10     | Entered Level 10 of the Dungeon
 12561 | D:10     | Noticed a two-headed ogre
 12562 | D:10     | Found a shattered altar of Ashenzari.
 12598 | D:10     | Killed a two-headed ogre
 12598 | D:10     | Reached skill level 13 in Stealth
 12793 | D:10     | Noticed a two-headed ogre
 12797 | D:10     | Killed a two-headed ogre
 13326 | D:10     | Reached **** piety under Dithmenos
 13585 | D:11     | Noticed a cyclops
 13600 | D:11     | Killed a cyclops
 13628 | D:11     | Noticed a purple ugly thing
 13644 | D:11     | Killed a purple ugly thing
 13644 | D:11     | Reached skill level 14 in Stealth
 13990 | D:11     | Noticed Snorg
 13994 | D:11     | Killed Snorg
 14011 | D:11     | Found a staircase to the Lair.
 14170 | D:11     | Noticed a two-headed ogre
 14172 | D:11     | Killed a two-headed ogre
 14172 | D:11     | Reached skill level 15 in Stealth
 14172 | D:11     | Gained mutation: You heal very quickly. [Vine Stalker
                  | growth]
 14172 | D:11     | Reached XP level 12. HP: 59/59 MP: 16/16
 14277 | D:11     | Reached skill level 5 in Fighting
 14278 | D:11     | Noticed a two-headed ogre
 14285 | D:11     | Killed a two-headed ogre
 14332 | D:11     | Noticed Sonja
 14498 | D:11     | Found Simidda's Serpentskin Sales.
 14697 | D:11     | Found a staircase to the Orcish Mines.
 15073 | D:12     | Noticed a two-headed ogre
 15076 | D:12     | Killed a two-headed ogre
 15076 | D:12     | Reached skill level 16 in Stealth
 15433 | D:12     | Noticed Maurice
 15438 | D:12     | Killed Maurice
 15546 | D:12     | Noticed Urug
 15550 | D:12     | Killed Urug
 15791 | D:12     | Reached ***** piety under Dithmenos
 15841 | D:12     | Noticed a two-headed ogre
 15861 | D:12     | Killed a two-headed ogre
 15861 | D:12     | Reached skill level 17 in Stealth
 15885 | D:12     | Reached skill level 1 in Armour
 16497 | D:12     | Noticed Erolcha
 16498 | D:12     | Noticed a two-headed ogre
 16518 | D:12     | Killed Erolcha
 16518 | D:12     | Reached XP level 13. HP: 64/64 MP: 6/17
 17026 | D:13     | Found Oqemah's Assorted Antiques.
 17513 | Lair:1   | Entered Level 1 of the Lair of Beasts
 17895 | Lair:1   | Got a warped chain mail
 17972 | Lair:1   | Found a sacrificial altar of Ru.
 18185 | Lair:1   | Reached skill level 18 in Stealth
 18316 | Lair:1   | Identified the +2 chain mail of the Swamp {Str+2} (You
                  | found it on level 1 of the Lair of Beasts)
 18648 | Lair:2   | Learned a level 4 spell: Olgreb's Toxic Radiance
 18651 | Lair:2   | Learned a level 2 spell: Poisonous Vapours
 19078 | Lair:2   | Reached skill level 1 in Poison Magic
 19587 | Lair:3   | Found a staircase to the Swamp.
 20398 | Lair:3   | Reached ****** piety under Dithmenos
 20493 | Lair:3   | Reached XP level 14. HP: 69/70 MP: 18/18
 20619 | Lair:3   | Found a staircase to the Snake Pit.
 22209 | Lair:5   | Reached skill level 10 in Short Blades
 22209 | Lair:5   | Reached skill level 19 in Stealth
 22443 | Lair:5   | Found a staircase to the Slime Pits.
 23222 | Lair:6   | Entered Level 6 of the Lair of Beasts
 23807 | D:13     | Bought a scroll labeled ANEKUO REUGI for 20 gold pieces
 24117 | D:14     | Reached skill level 20 in Stealth
 24284 | D:11     | Killed Sonja
 25150 | Lair:6   | Reached XP level 15. HP: 63/76 MP: 22/22
 25156 | Lair:6   | Learned a level 4 spell: Summon Ice Beast
 25283 | Lair:6   | Found a large runed door.
 25284 | Lair:6   | Found a large runed door.
 25435 | Lair:6   | Reached skill level 1 in Summonings
 25827 | Lair:6   | Reached skill level 21 in Stealth
 26206 | Orc:1    | Entered Level 1 of the Orcish Mines
 26384 | Orc:1    | Noticed Harold
 26488 | D:11     | Killed Harold
 27076 | D:11     | Reached skill level 5 in Ice Magic
 27287 | Orc:1    | Reached skill level 1 in Air Magic
 27757 | Orc:1    | Noticed an orc warlord
 27825 | Orc:1    | Killed an orc warlord
 27925 | Orc:1    | Noticed an orc warlord
 28025 | Orc:1    | Killed an orc warlord
 28115 | Orc:2    | Entered Level 2 of the Orcish Mines
 28177 | Orc:1    | Reached skill level 5 in Poison Magic
 28294 | Orc:2    | Found Pyfem's Jewellery Shop.
 28438 | Orc:2    | Bought the amulet of Accord {Reflect rPois MR+ Str-4 Slay+4
                  | SH+4} for 730 gold pieces
 28444 | Orc:2    | Found Luorar's Distillery.
 28452 | Orc:2    | Bought a potion of berserk rage for 60 gold pieces
 28452 | Orc:2    | Bought a potion of invisibility for 96 gold pieces
 28459 | Orc:2    | Found Geasell Icif's Distillery.
 28846 | Orc:2    | Found Relomiguma's Antique Weapon Shop.
 28988 | Orc:2    | Noticed an orc warlord
 29102 | Orc:1    | Killed an orc warlord
 29203 | Orc:2    | Found a runed gate.
 29203 | Orc:2    | Found a runed gate.
 29203 | Orc:2    | Found a runed gate.
 29203 | Orc:2    | Noticed shruggingcutely's ghost (journeyman TrMo)
 29204 | Orc:2    | Noticed NoiZ's ghost (journeyman MiFi)
 29428 | Swamp:1  | Entered Level 1 of the Swamp
 30012 | Lair:3   | Upgraded the game from 0.23-a0-241-g3b46b076a4 to
                  | 0.23-a0-642-g3120c2f5a9
 30588 | D:14     | Reached skill level 5 in Air Magic
 31009 | D:14     | Found a gate to the Vaults.
 31083 | D:14     | Reached XP level 16. HP: 80/82 MP: 21/23
 31222 | D:14     | Learned a level 5 spell: Summon Mana Viper
 31279 | D:14     | Found a runed door.
 31282 | D:14     | Noticed whodunnit's ghost (journeyman DsFi)
 31286 | D:14     | Killed whodunnit's ghost
 31453 | D:15     | Entered Level 15 of the Dungeon
 31497 | D:15     | Found a staircase to the Depths.
 32059 | D:15     | Mangled by an ettin

Vault maps used:
D:1:      minmay_arrival_four_circles
D:2:      nicolae_qazlal_style_of_elements, nicolae_ru_awakened_eye,
          nicolae_overflow_crystal_walls, uniq_sigmund, uniq_natasha
D:3:      lemuel_round_altar, lemuel_tele_altar
D:4:      serial_shops, nicolae_shop_trees, first_ration
D:5:      vehumet_crystals, old_standard_altar, minmay_temple_entry_trees,
          serial_shops, shop_coins, uniq_ijyb
D:6:      yredelemnul_forgotten_temple_becter, okawaru_ov_weapons_minmay,
          gammafunk_ghost_necromancy, serial_bayou_lagoon_b
D:7:      uniq_joseph
D:8:      xom_shifter_show, makhleb_altar_promises_db, serial_ice, serial_ice_f,
          serial_ice_j, serial_ice_n, serial_ice_a, nicolae_ossuary_entry_ruins,
          uniq_psyche, uniq_gastronok
D:9:      dancing_weapons_uskayaw, lemuel_doored_altar, lemuel_round_altar
D:10:     evilmike_ruin_ashenzari
D:11:     david_lair_generic, hiddenorc1_lemuel, grunt_ogre_cave,
          solitary_fountain, guppyfry_shop_venom, uniq_sonja, uniq_snorg
D:12:     uniq_maurice, uniq_erolcha, uniq_urug
D:13:     serial_shops, kennysheep_mini_moat
D:14:     lightli_vaults_fourway_checkpoint, ebering_ghost_inner_flame,
          roderic_serpentine_path
D:15:     hangedman_depths_entry_civil_slaughter,
          hangedman_decor_clover_reticule, gauntlet_entry_generic
Temple:   nicolae_temple_figure_zero
Lair:1:   basic_altar, grunt_megastairs_5, lemuel_fruit_fields
Lair:2:   minivault_19, grunt_forest_stairs_basic, minmay_hedge_maze,
          lemuel_fruit_fields
Lair:3:   swamp_mist_pool, minmay_snake_entry_guardpost_medium, special_room,
          roderic_batcave, st_stairs_3, roderic_carrion_pond
Lair:5:   minmay_slime_entry_jelly_boxes, st_stairs_8, dpeg_oklob_1,
          serial_bayou_shore_a
Lair:6:   cheibrodos_lair_end_hotspot
Swamp:1:  evilmike_swamp_ruin_house_1, swamp_pool3, nicolae_swamp_spriggan_camp
Orc:1:    cheibrodos_orc_arena, uniq_harold
Orc:2:    st_orc_congregation, serial_shops, nicolae_shop_waterfront, shop,
          nicolae_shop_waterfront, nicolae_shop_crystal, shop,
          gammafunk_ghost_cemetery
Ossuary:  minmay_ossuary_two_tombs

Skill      XL: |  1  2  3  4  5  6  7  8  9 10 11 12 13 14 15 16 |
---------------+-------------------------------------------------+-----
Stealth        | 4 5 6 7 9 11 12 15 17 18 20 21 | 21.1
Dodging        | 2 3 5 6 7 8 9 |  9.0
Short Blades   | 1 2 4 5 6 7 8 9 10 | 10.2
Fighting       | 1 2 4 5 6 7 8 |  8.8
Ice Magic      | 1 2 4 5 |  5.0
Hexes          | 4 5 6 |  6.6
Bows           | 3 |  3.5
Armour         | 1 3 |  3.0
Poison Magic   | 3 4 7 |  7.4
Spellcasting   | 4 |  4.2
Summonings     | 2 3 |  3.4
Air Magic      | 5 |  5.7
Invocations    | |  0.5
Evocations     | |  0.6

Action                   |  1- 3 |  4- 6 |  7- 9 | 10-12 | 13-15 | 16-18 || total
-------------------------+-------+-------+-------+-------+-------+-------++-------
Melee: Dagger            |    95 |    69 |   512 |   668 |  1906 |    60 ||  3310
       Bite              |    15 |    14 |   177 |   227 |   688 |     8 ||  1129
 Fire: Shortbow          |       |       |       |    20 |       |       ||    20
Throw: Throwing net      |       |       |       |       |     1 |       ||     1
 Cast: Ensorcelled Hiber |     5 |    13 |    46 |    18 |    29 |    25 ||   136
       Confuse           |       |       |    11 |    40 |    33 |     1 ||    85
       Poisonous Vapours |       |       |       |       |   128 |       ||   128
       Olgreb's Toxic Ra |       |       |       |       |     1 |       ||     1
Invok: Shadow Step       |       |       |       |     3 |       |       ||     3
Evoke: Wand              |       |       |       |     2 |    10 |       ||    12
       Phial of floods   |       |       |       |       |     1 |       ||     1
  Use: Scroll            |     2 |     6 |     6 |     4 |    24 |     5 ||    47
       Potion            |     2 |       |       |     2 |     2 |       ||     6
 Stab: Sleeping          |    10 |    10 |    34 |    63 |   103 |    20 ||   240
       Distracted        |       |       |     2 |     8 |     9 |       ||    19
       Confused          |       |       |     4 |    10 |     5 |     1 ||    20
       Held in net/web   |       |       |       |       |     2 |       ||     2
  Eat: Chunk             |     4 |     6 |    11 |    21 |    39 |     3 ||    84
       Ration            |       |     1 |     3 |     2 |     5 |       ||    11
Armor: Robe              |    30 |    21 |    77 |    46 |       |       ||   174
       Troll leather arm |       |       |       |    11 |   224 |     3 ||   238
Dodge: Dodged            |    72 |    51 |   382 |   548 |  1375 |    64 ||  2492
Block: Other             |       |       |       |       |    43 |    16 ||    59
       Reflection        |       |       |       |       |     4 |     6 ||    10

Table legend:
 A = Non-vault XP
 B = Vault XP
 C = Vault XP percentage of total XP
 D = Non-vault monster count
 E = Vault monster count
 F = Vault count percentage of total count
                 A         B        C        D         E       F
            +---------+---------+-------+---------+---------+-------
      Total |  101571 |   40275 |  28.4 |     584 |     208 |  26.3
            +---------+---------+-------+---------+---------+-------
        D:1 |      32 |       0 |   0.0 |      18 |       0 |   0.0
        D:2 |      42 |     273 |  86.7 |      20 |       2 |   9.1
        D:3 |      99 |       0 |   0.0 |      21 |       0 |   0.0
        D:4 |     407 |       0 |   0.0 |      18 |       0 |   0.0
        D:5 |     621 |      39 |   5.9 |      25 |       1 |   3.8
        D:6 |    1333 |       1 |   0.1 |      26 |       1 |   3.7
        D:7 |    1061 |    2731 |  72.0 |      28 |       3 |   9.7
        D:8 |    1287 |     768 |  37.4 |      28 |       6 |  17.6
        D:9 |    1075 |       0 |   0.0 |      14 |       0 |   0.0
       D:10 |    3963 |       0 |   0.0 |      36 |       0 |   0.0
       D:11 |    6149 |    5111 |  45.4 |      31 |      31 |  50.0
       D:12 |   10886 |    2422 |  18.2 |      56 |       3 |   5.1
       D:13 |    1857 |       0 |   0.0 |       4 |       0 |   0.0
       D:14 |   16399 |    6914 |  29.7 |      50 |      12 |  19.4
       D:15 |    5494 |    3202 |  36.8 |      14 |       5 |  26.3
     Lair:1 |    3385 |       0 |   0.0 |      19 |       0 |   0.0
     Lair:2 |    4871 |       0 |   0.0 |      18 |       0 |   0.0
     Lair:3 |    8460 |    3793 |  31.0 |      19 |      44 |  69.8
     Lair:4 |    1834 |     166 |   8.3 |       6 |       1 |  14.3
     Lair:5 |    7420 |     598 |   7.5 |      26 |      15 |  36.6
     Lair:6 |   11986 |    8180 |  40.6 |      34 |      26 |  43.3
    Swamp:1 |    3195 |    1942 |  37.8 |       8 |       4 |  33.3
      Orc:1 |    8095 |    3867 |  32.3 |      47 |      14 |  23.0
      Orc:2 |    1620 |       0 |   0.0 |      18 |       0 |   0.0
    Ossuary |       0 |     268 | 100.0 |       0 |      40 | 100.0
            +---------+---------+-------+---------+---------+-------
